cohdb
Replays
Latest Replays
All Replays
Popular Replays
Top Player Replays
Match Explorer
How It Works
Community
CoH3 Stats
Reddit
Sign in to upload your games and track your stats! →
Sign in with Steam
Match 41448263
Unlisted
Match 41448263
Overview
Messages
Build Orders
End
Construct Infanterie Kompanie
MG 42 Machine Gun Team
GrW 34 Mortar Team
Grenadier Squad
Grenadier Squad
Construct Panzergrenadier Kompanie
251 Medium Carrier
Grenadier Squad
Pak 40 Anti-tank Gun Team
Selects Mechanized Battlegroup
Selects Raid Package
Selects Raid Package
Grenadier Squad
Construct Panzer Kompanie
Selects Mobile Repair Stations
Selects Mobile Repair Stations
Panzer IV Medium Tank
Selects 8 Rad Armored Car
Selects UNKNOWN (2160084)
Panther Heavy Tank
Support Elements
Nebelwerfer 42 Rocket Launcher Team
Pioneer Squad
Nebelwerfer 42 Rocket Launcher Team
Grenadier Squad
Selects Wespe Self-propelled Artillery
Antonslayer
P0ort13
-=Thrawn=-
Aprosarmosto
Einhander
pizza2power
Samaniego
g0ldL1ght
0
0
Comments
sign in to comment!
No comments posted yet!